 Dungeon Crawl Stone Soup version 0.23-a0-151-gf6d1ed2 (webtiles) character file.

987 Amnesiac the Chiller (level 7, 0/46 HPs)
             Began as a Mummy Ice Elementalist on Sept 8, 2018.
             Was an Initiate of Vehumet.
             Slain by a gnoll
             ... wielding a +0 spear
              (12 damage)
             ... on level 7 of the Dungeon.
             The game lasted 00:12:31 (6212 turns).

Amnesiac the Chiller (Mummy Ice Elementalist)       Turns: 6212, Time: 00:12:32

Health: 0/46       AC:  6    Str: 11    XL:     7   Next: 97%
Magic:  2/14       EV: 12    Int: 17    God:    Vehumet [......]
Gold:   150        SH:  5    Dex: 12    Spells: 3/16 levels left

rFire    x . .     SeeInvis .   a - +4 dagger (venom)
rCold    + . .     Gourm    .   (no shield)
rNeg     + + +     Faith    .   g - +0 robe
rPois    ∞         Spirit   .   j - +1 helmet
rElec    .         Reflect  +   n - +0 cloak
rCorr    .         Harm     .   p - +0 pair of gloves
MR       .....                  (no boots)
Stlth    ++........             f - +5 amulet of reflection
HPRegen  0.15/turn              (no ring)
MPRegen  0.14/turn              (no ring)

@: no status effects
A: no food or potions, fire vulnerability, cold resistance 1, negative energy
resistance 3, torment resistance, unbreathing
a: Renounce Religion


You were on level 7 of the Dungeon.
You worshipped Vehumet.
Vehumet was noncommittal.
You were not hungry.

You visited 2 branches of the dungeon, and saw 8 of its levels.

You collected 199 gold pieces.
You spent 49 gold pieces at shops.

Inventory:

Hand Weapons
 a - a +4 dagger of venom (weapon)
 t - a +3 short sword of venom
Armour
 g - a +0 robe (worn)
 j - a +1 helmet (worn)
 n - a +0 cloak (worn)
 p - a +0 pair of gloves (worn)
Jewellery
 f - a +5 amulet of reflection (around neck)
 i - an uncursed ring of teleportation
Wands
 l - a wand of iceblast (8)
Scrolls
 e - 5 scrolls of teleportation {!r}
 m - 2 scrolls of fog {!r}
 o - 3 scrolls of identify {!r}
 q - a scroll of amnesia {!r}
 r - a scroll of enchant armour {!r}
 s - a scroll of remove curse {!r}


   Skills:
 - Level 1.5 Dodging
 - Level 1.5 Stealth
 + Level 5.1 Spellcasting
 * Level 5.1 Conjurations
 * Level 5.2 Ice Magic


You had 3 spell levels left.
You knew the following spells:

 Your Spells              Type           Power        Failure   Level  Hunger
a - Throw Icicle          Conj/Ice       ###.....     16%         4    N/A
d - Freeze                Ice            ###.         1%          1    N/A
e - Mephitic Cloud        Conj/Pois/Air  ##......     21%         3    N/A
v - Blink                 Tloc           N/A          22%         2    N/A
z - Ozocubu's Armour      Chrm/Ice       ##......     14%         3    N/A

Your spell library contained the following spells:

 Spells                   Type           Power        Failure   Level  Hunger
 Magic Dart               Conj           ###.         1%          1    N/A
 Throw Frost              Conj/Ice       ###...       2%          2    N/A
 Conjure Flame            Conj/Fire      ##......     14%         3    N/A
 Call Imp                 Summ           #.......     22%         2    N/A
 Slow                     Hex            #.......     22%         2    N/A
 Summon Ice Beast         Ice/Summ       ##......     43%         4    N/A

Dungeon Overview and Level Annotations

Branches:
Dungeon (7/15)             Temple (1/1) D:5

Altars:
Ashenzari
Cheibriados
Dithmenos
Elyvilon
Fedhas
Gozag
Hepliaklqana
Kikubaaqudgha
Makhleb
Nemelex Xobeh
Okawaru
Qazlal
Ru
Sif Muna
Trog
Uskayaw
Vehumet
Wu Jian
Xom
Yredelemnul
Zin
The Shining One

Shops:
D:5 [


Innate Abilities, Weirdness & Mutations

You do not eat or drink.
Your flesh is vulnerable to fire.
You are immune to poison.
Your flesh is cold resistant. (rC+)
You are immune to negative energy. (rN+++)
You are immune to unholy pain and torment.
You can survive without breathing.


Message History

Press: ? - help, Shift-Dir - straight line, f - gnoll
Aim: a gnoll, wielding a halberd The shard of ice hits the gnoll.
The gnoll is severely wounded.
A gnoll comes into view. It is wielding a whip.
The gnoll throws a throwing net.
The throwing net hits you.
You become entangled in the net!
You see here a throwing net.
Casting: Throw Icicle (slightly dangerous; 16% risk of failure)
Confirm with . or Enter, or press ? or * to list all spells.
You don't have enough magic to cast that spell.
Casting: Throw Icicle (slightly dangerous; 16% risk of failure)
Confirm with . or Enter, or press ? or * to list all spells.
You don't have enough magic to cast that spell.
You struggle against the net.
You struggle against the net.
The gnoll shouts!
A gnoll shaman comes into view. It is wielding a club.
The gnoll closely misses you.
You tear a large gash into the net.
You struggle against the net.
The gnoll shaman shouts!
The gnoll hits you from afar with a halberd!!
You rip the net and break free!
The gnoll closely misses you. The gnoll hits you with a halberd!
* * * LOW HITPOINT WARNING * * *
The gnoll shaman calls upon its god to speed up the gnoll.
The gnoll seems to speed up.
The gnoll hits you but does no damage.
Casting: Throw Icicle (slightly dangerous; 16% risk of failure)
Confirm with . or Enter, or press ? or * to list all spells.
Aiming: Freeze (safe; 1% risk of failure)
Press: ? - help, Shift-Dir - straight line, f/p - gnoll
Aim: a gnoll, wielding a halberd (severely wounded)
You freeze the gnoll.
You kill the gnoll!
Vehumet accepts your kill. You block the gnoll's attack.
You hear the slow rusting of a very distant drain.
There is a stone staircase leading down here.
The gnoll misses you.
There is a stone staircase leading down here.
The gnoll hits you from afar with a spear!
* * * LOW HITPOINT WARNING * * *
The gnoll barely misses you.
You climb downwards.
There is a stone staircase leading up here.
Casting: Freeze (safe; 1% risk of failure)
Confirm with . or Enter, or press ? or * to list all spells.
Aiming: Freeze (safe; 1% risk of failure)
Press: ? - help, Shift-Dir - straight line, f - gnoll
Aim: a gnoll, wielding a spear You freeze the gnoll.
The gnoll is lightly wounded.
The gnoll hits you with a spear.
* * * LOW HITPOINT WARNING * * *
Casting: Freeze (safe; 1% risk of failure)
Confirm with . or Enter, or press ? or * to list all spells.
Aiming: Freeze (safe; 1% risk of failure)
Press: ? - help, Shift-Dir - straight line, f/p - gnoll
Aim: a gnoll, wielding a spear (lightly wounded)
You freeze the gnoll.
The gnoll is almost dead.
The gnoll hits you with a spear!
You die...

##.# ....
...# #..#
#..#
#..######
#........
#@# #g#
#.# ..#
###


You could see a gnoll.

Vanquished Creatures
  Sigmund (D:4)
  A phantom (D:4)
  An ogre (D:4)
  A scorpion (D:4)
  2 crimson imps
  A gnoll shaman (D:5)
  3 hounds (D:4)
  2 orc priests (D:5)
  Crazy Yiuf (D:2)
  A centaur skeleton (D:6)
  2 iguanas (D:4)
  7 gnolls
  8 adders
  A shadow imp (D:5)
  An ooze (D:1)
  3 worms
  3 dart slugs
  6 leopard geckos
  4 orcs
  11 bats
  2 giant cockroaches (D:3)
  10 goblins
  7 hobgoblins
  6 kobolds
  2 quokkas
  16 frilled lizards
  5 rats
108 creatures vanquished.

Notes
Turn   | Place    | Note
-------+----------+-------------------------------------------
     0 | D:1      | Amnesiac the Mummy Ice Elementalist began the quest for the
                  | Orb.
     0 | D:1      | Reached XP level 1. HP: 13/13 MP: 4/4
    99 | D:1      | Reached XP level 2. HP: 2/19 MP: 0/5
   890 | D:2      | Reached XP level 3. HP: 14/24 MP: 2/7
   895 | D:2      | Learned a level 3 spell: Ozocubu's Armour
  1130 | D:2      | Found a faded altar of an unknown god.
  1311 | D:2      | Found a runed door.
  1473 | D:3      | Found an iron altar of Okawaru.
  1529 | D:3      | Reached XP level 4. HP: 23/30 MP: 3/9
  1651 | D:3      | Learned a level 4 spell: Throw Icicle
  1954 | D:4      | Reached skill level 1 in Conjurations
  1954 | D:4      | Reached XP level 5. HP: 6/35 MP: 1/11
  2106 | D:4      | Learned a level 2 spell: Blink
  2362 | D:4      | Noticed a phantom
  2406 | D:4      | Killed a phantom
  2406 | D:4      | Reached XP level 6. HP: 28/41 MP: 2/12
  2411 | D:4      | Learned a level 3 spell: Mephitic Cloud
  3075 | D:4      | Noticed Sigmund
  3218 | D:4      | Reached XP level 7. HP: 46/46 MP: 10/13
  3234 | D:5      | Entered Level 5 of the Dungeon
  3235 | D:5      | Found Noige Agu's Armour Shoppe.
  3247 | D:5      | Bought a +0 pair of gloves for 49 gold pieces
  3285 | D:4      | Killed Sigmund
  4022 | D:5      | Found a bloodstained altar of Trog.
  4077 | D:5      | Reached skill level 5 in Ice Magic
  4081 | D:5      | Reached skill level 5 in Conjurations
  4558 | D:5      | Found a staircase to the Ecumenical Temple.
  4677 | Temple   | Entered the Ecumenical Temple
  4716 | Temple   | Became a worshipper of Vehumet
  5039 | D:1      | Reached skill level 5 in Spellcasting
  5120 | D:1      | Found a shattered altar of Ashenzari.
  5715 | D:2      | Noticed Crazy Yiuf
  5717 | D:2      | Killed Crazy Yiuf
  6028 | D:3      | Found a shimmering altar of Xom.
  6212 | D:7      | Slain by a gnoll

Vault maps used:
D:1:      dpeg_arrival_more_subterranean_lakeside_camping,
          serial_bayou_lagoon_a, nrook_mini_vaults, st_stairs_11,
          ashenzari_altar_1
D:2:      chequers_ecumenical_altar_lobes, uniq_crazy_yiuf_cottage
D:3:      brannock_xom_greatest_gift, okawaru_ov_weapons_minmay
D:4:      first_ration, minmay_lizard_king, uniq_sigmund
D:5:      minmay_temple_entry_poolview, serial_shops, shop, basic_altar,
          serial_glass, glass_columns_c, glass_columns_b
D:6:      basic_altar, cheibrodos_sewer_entry_bend
D:7:      serial_shops, nicolae_shop_crystal, grunt_ogre_cave
Temple:   nicolae_temple_the_god_donut

Skill      XL: |  1  2  3  4  5  6  7 |
---------------+----------------------+-----
Ice Magic      | 3 4 5 |  5.2
Spellcasting   | 3 4 5 |  5.1
Conjurations   | 1 3 4 5 |  5.1
Dodging        | |  1.5
Stealth        | |  1.5

Action                   |  1- 3 |  4- 6 |  7- 9 || total
-------------------------+-------+-------+-------++-------
Melee: Unarmed           |     4 |       |       ||     4
       Short sword       |     1 |    14 |       ||    15
       Dagger            |       |       |     7 ||     7
 Fire: Hunting sling     |       |    64 |    23 ||    87
 Cast: Freeze            |    57 |    59 |    55 ||   171
       Ozocubu's Armour  |       |     1 |       ||     1
       Throw Icicle      |       |     6 |    14 ||    20
  Use: Scroll            |     1 |     8 |       ||     9
Armor: Robe              |     5 |    16 |    17 ||    38
Dodge: Dodged            |    22 |    47 |    34 ||   103
Block: Other             |       |    17 |    10 ||    27

Table legend:
 A = Non-vault XP
 B = Vault XP
 C = Vault XP percentage of total XP
 D = Non-vault monster count
 E = Vault monster count
 F = Vault count percentage of total count
                 A         B        C        D         E       F
            +---------+---------+-------+---------+---------+-------
      Total |    1072 |     338 |  24.0 |      90 |      18 |  16.7
            +---------+---------+-------+---------+---------+-------
        D:1 |      42 |      17 |  28.8 |      20 |       3 |  13.0
        D:2 |      72 |      41 |  36.3 |      20 |       1 |   4.8
        D:3 |      62 |       0 |   0.0 |      20 |       0 |   0.0
        D:4 |     581 |     280 |  32.5 |      15 |      14 |  48.3
        D:5 |     258 |       0 |   0.0 |      12 |       0 |   0.0
        D:6 |      57 |       0 |   0.0 |       3 |       0 |   0.0
            +---------+---------+-------+---------+---------+-------
